 Dungeon Crawl Stone Soup version 0.21-a0-538-gd16b88a (webtiles) character file.

29 Amnesiac the Shield-Bearer (level 3, -4/25 HPs)
             Began as a Halfling Fighter on Dec 15, 2017.
             Killed by divine providence
             ... invoked by an orc priest
              (15 damage)
             ... on level 2 of the Dungeon.
             The game lasted 00:01:36 (985 turns).

Amnesiac the Shield-Bearer (Halfling Fighter)        Turns: 985, Time: 00:01:37

Health: -4/25      AC:  6    Str: 23    XL:     3   Next: 32%
Magic:  3/3        EV: 11    Int:  6    God:
Gold:   117        SH: 10    Dex: 13    Spells: 2/2 levels left

rFire    . . .     SeeInvis .   a - +0 rapier
rCold    . . .     Gourm    .   c - +0 shield
rNeg     . . .     Faith    .   b - +0 scale mail
rPois    .         Spirit   .   (no helmet)
rElec    .         Reflect  .   (no cloak)
rCorr    .         Harm     .   (no gloves)
MR       .....                  (no boots)
Stlth    ..........             (no amulet)
HPRegen  0.08/turn              (no ring)
MPRegen  0.08/turn              (no ring)

@: mighty
A: small, mutation resistance 1
a: no special abilities


You were on level 2 of the Dungeon.
You were not hungry.

You visited 1 branch of the dungeon, and saw 2 of its levels.

You collected 117 gold pieces.

Inventory:

Hand Weapons
 a - a +0 rapier (weapon)
Missiles
 h - 47 stones (quivered)
Armour
 b - a +0 scale mail (worn)
 c - a +0 shield (worn)
Scrolls
 e - a scroll of fog {!r, unknown}
 j - 2 scrolls of teleportation {!r, unknown}
 k - 2 scrolls of enchant armour {!r, unknown}
 l - a scroll of noise {!r, unknown}
 m - a scroll of blinking {!r, unknown}
 p - a scroll of identify {!r, unknown}
Potions
 g - a potion of degeneration {!q, unknown}
 i - a potion of flight {!q, unknown}
 o - a potion of ambrosia {!q, unknown}
Comestibles
 f - a bread ration
 n - a royal jelly


   Skills:
 - Level 2.6 Fighting
 - Level 2.4 Short Blades
 - Level 3.2 Armour
 + Level 3.0 Dodging
 - Level 3.2 Shields


You had 2 spell levels left.
You didn't know any spells.

Dungeon Overview and Level Annotations

Branches:
Dungeon (2/15)

Altars:


Innate Abilities, Weirdness & Mutations

You are small and have problems with some larger weapons.
You are somewhat resistant to further mutation.


Message History

You block the kobold's attack.
You completely miss the kobold.
The kobold is moderately wounded.
The kobold barely misses you. The goblin hits you but does no damage.
You puncture the goblin!
You kill the goblin!
The kobold hits you but does no damage.
You hit the kobold.
You kill the kobold!
Your Dodging skill increases to level 3!
No target in view!
No target in view!
No target in view!
No target in view!
No target in view!
No target in view!
No target in view!
No target in view!
Things that are here:
a dagger; a goblin corpse
Found a grey potion.
h - 45 stones (gained 1)
Things that are here:
a short sword; a kobold corpse
n - a royal jelly
o - a grey potion {!q}
h - 46 stones (gained 1)
h - 47 stones (gained 1)
p - a scroll labeled DOETZIE FAJOESM {!r} You now have 117 gold pieces (gained 8).
You open the door.
There is an open door here.
You open the door.
Found a stone staircase leading down.
A kobold and 2 orcs come into view.
The kobold shouts!
The orc shouts! x2; You hear a shout!
The kobold throws a stone.
You block the stone.
Found a leather armour.
Found a stone staircase leading up.
There is an open door here.
You see here a stone.
There are monsters nearby!
There are monsters nearby!
You block the kobold's attack.
You closely miss the kobold. The kobold hits you with a short sword.
An orc priest comes into view. It is wielding a mace.
You miss the kobold.
The orc priest shouts!
The kobold hits you but does no damage.
An orc comes into view. It is wielding a club.
You hit the kobold.
You kill the kobold!
You closely miss the orc. The orc hits you with a falchion.
Your shield prevents you from hitting the orc.
The orc priest mumbles some strange prayers to Beogh against you.
Beogh smites you!
* * * LOW HITPOINT WARNING * * *
The orc closely misses you.
You hit the orc but do no damage. The orc hits you but does no damage.
Really quaff
d - a potion of might {!q}?
You feel very mighty all of a sudden.
The orc priest mumbles some strange prayers to Beogh against you.
Beogh smites you!
Ouch! That really hurt!
You die...

######### ######
#.......# ...K.[
###.#####.#
......##@.....##'########
.......#oo...............
....<..#.................
...>...(o................
.....o.#.................
....o..#...........##..##
....o..###.............##
...o... #.........##....
.......###...†........)..


You could see an orc priest and 2 orcs.

Vanquished Creatures
  A dart slug (D:1)
  4 leopard geckos (D:1)
  2 goblins
  2 hobgoblins (D:1)
  3 jackals (D:1)
  4 bats (D:1)
  2 frilled lizards (D:1)
  4 kobolds
  2 rats
24 creatures vanquished.

Notes
Turn   | Place    | Note
-------+----------+-------------------------------------------
     0 | D:1      | Amnesiac the Halfling Fighter began the quest for the Orb.
     0 | D:1      | Reached XP level 1. HP: 15/15 MP: 1/1
    87 | D:1      | Reached skill level 1 in Dodging
   189 | D:1      | Reached XP level 2. HP: 16/20 MP: 2/2
   384 | D:1      | Reached XP level 3. HP: 11/25 MP: 3/3
   985 | D:2      | Killed from afar by an orc priest

Vault maps used:
D:1:      dpeg_arrival_simpleton_c
D:2:      first_bread

Skill      XL: |  1  2  3 |
---------------+----------+-----
Dodging        | 1 2 3 |  3.0
Fighting       | |  2.6
Short Blades   | |  2.4
Armour         | |  3.2
Shields        | |  3.2

Action                   || total
-------------------------++-------
Melee: Rapier            ||   108
  Use: Potion            ||     1
Armor: Scale mail        ||    52
Dodge: Dodged            ||    51
Block: Shield            ||    74

Table legend:
 A = Spawn XP
 B = Non-spawn XP
 C = Spawn XP percentage of total XP
 D = Spawn monster count
 E = Non-spawn monster count
 F = Spawn count percentage of total count
 G = Total turns spent on level
                    A         B        C        D         E        F      G
               +---------+---------+-------+---------+---------+-------+---------
         Total |       0 |      42 |   0.0 |       0 |      24 |   0.0 |   985
               +---------+---------+-------+---------+---------+-------+---------
           D:1 |       0 |      36 |   0.0 |       0 |      19 |   0.0 |   898
           D:2 |       0 |       6 |   0.0 |       0 |       5 |   0.0 |    87
               +---------+---------+-------+---------+---------+-------+---------
